 Dungeon Crawl Stone Soup version 0.29.0-11-gd7f09526c8 (webtiles) character file.

Game seed: 2133894701965841922

11 MisterFreud the Covered (level 2, -3/19 HPs)
             Began as a Gargoyle Fighter on Sept 3, 2022.
             Slain by a kobold
             ... wielding a +0 club
              (4 damage)
             ... on level 1 of the Dungeon.
             The game lasted 00:00:19 (287 turns).

MisterFreud the Covered (Gargoyle Fighter)           Turns: 287, Time: 00:00:20

Health: -3/19      AC:  9    Str: 19    XL:     2   Next: 25%
Magic:  2/2        EV:  9    Int:  8    God:
Gold:   13         SH:  4    Dex:  9    Spells: 1/1 levels left

rFire   . . .      SeeInvis .   a - +0 flail
rCold   . . .      Faith    .   c - +0 buckler
rNeg    + . .      Spirit   .   b - +0 scale mail
rPois   ∞          Reflect  .   (no helmet)
rElec   +          Harm     .   (no cloak)
rCorr   .          Rampage  .   (no gloves)
Will    .....                   (no boots)
Stlth   ..........              (no amulet)
HPRegen 0.06/turn               (no ring)
MPRegen 0.08/turn               (no ring)

@: no status effects
A: sickness immunity, AC +2, negative energy resistance 1, electricity
resistance, torment resistance 1, petrification resistance
a: no special abilities


You were on level 1 of the Dungeon.
You visited 1 branch of the dungeon, and saw 1 of its levels.

You collected 13 gold pieces.

Inventory:

Hand Weapons
 a - a +0 flail (weapon)
Armour
 b - a +0 scale mail (worn)
 c - a +0 buckler (worn)
Scrolls
 e - 2 scrolls of immolation {unknown}
Potions
 d - a potion of might
 f - a potion of heal wounds {unknown}


   Skills:
 + Level 3.4 Fighting
 + Level 2.2 Maces & Flails
 + Level 3.5 Armour
 + Level 3.4 Shields


You had one spell level left.
You didn't know any spells.
Your spell library contained the following spells:

 Spells                   Type           Power      Damage    Failure   Level
 Foxfire                  Conj/Fire      0%         2x1d4     86%         1
 Conjure Flame            Conj/Fire      0%         6-21      99%         3
 Inner Flame              Hex/Fire       0%         N/A       99%         3
 Flame Wave               Conj/Fire      0%         2d4       100%        4


Dungeon Overview and Level Annotations

Branches:
Dungeon (1/15)

Altars:


Innate Abilities, Weirdness & Mutations

You are immune to sickness and miasma.
Your stone body is resilient. (AC +2)
You are immune to poison.
You resist negative energy. (rN+)
You are resistant to electric shocks. (rElec)
You are resistant to unholy torment.
You are immune to petrification.


Message History

The ball python constricts you. The goblin hits you with a +0 dagger.
You escape the ball python's grasp.
The kobold hits you with a +0 club. The goblin hits you with a +0 dagger.
The kobold hits you but does no damage. The ball python barely misses you.
You block the ball python's attack.
You closely miss the goblin.
The kobold shouts!
The goblin hits you with a +0 dagger. You block the kobold's attack.
The ball python bites you. The ball python grabs you.
The ball python constricts you.
The goblin splashes around in the water.
You hit the ball python.
You kill the ball python!
The kobold splashes around in the water.
The goblin hits you but does no damage. The kobold hits you but does no damage.
You enter the shallow water.
Moving in this stuff is going to be slow.
The goblin hits you but does no damage.
The kobold splashes around in the water.
You see here a ball python corpse.
Your unstable footing causes you to fumble your attack.
The goblin splashes around in the water.
The kobold hits you but does no damage.
You closely miss the goblin. You block the goblin's attack.
The kobold hits you but does no damage. The goblin hits you but does no damage.
You thump the goblin!
You kill the goblin!
You hear a splash.
The kobold barely misses you. The kobold hits you but does no damage.
The kobold hits you with a +0 club.
The kobold hits you with a +0 short sword.
The kobold hits you with a +0 club.
* * * LOW HITPOINT WARNING * * *
The kobold hits you with a +0 short sword.
* * * LOW HITPOINT WARNING * * *
The kobold throws a stone.
You block the stone.
You closely miss the kobold. The kobold hits you but does no damage.
You thump the kobold!
You kill the kobold!
The kobold hits you with a +0 club.
You die...

#.# ... ... #.# #..# #.#
#..### #.# #....# ## #.#
#....#
.#####.#######~~.~# ###.
.............♣~~.~♣.....
######.....#~~~)@~~~....
#####.#♣~~K)~~~~##.
#..♣~P~.~P~♣...
###~~~~.~~P~# #
#♣~~P.~~~♣# #♣♣~.P~~♣
♣~.~~♣# ♣~.~~♣ ♣~.~~~#


You could see a kobold.

Vanquished Creatures
  3 endoplasms (D:1)
  A giant cockroach (D:1)
  A goblin (D:1)
  2 ball pythons (D:1)
  A bat (D:1)
  A kobold (D:1)
  2 rats (D:1)
11 creatures vanquished.

Notes
Turn   | Place    | Note
-------+----------+-------------------------------------------
     0 | D:1      | MisterFreud the Gargoyle Fighter began the quest for the
                  | Orb.
     0 | D:1      | Reached XP level 1. HP: 14/14 MP: 1/1
   134 | D:1      | Reached XP level 2. HP: 14/19 MP: 2/2
   287 | D:1      | Slain by a kobold

Illustrated notes

Levels and vault maps discovered:
D:1:      lemuel_arrival_hallway, layout_loops_ring,
          chequers_ecumenical_altar_twisty, serial_bayou_lagoon_b

Action                   || total
-------------------------++-------
Melee: Flail             ||    21
Armor: Scale mail        ||    21
Dodge: Dodged            ||    13
Block: Buckler           ||     8
